Map: Cyber Forest LE

Players

LaFantome - Winner!

  • Race: Zerg Zerg
  • League: Master
  • Spawn Location: 5:00

Marth

  • Race: Terran Terran
  • League: Diamond
  • Spawn Location: 11:00

VOD

Have the link to the VOD?

Description

Time

  • Played on: Feb. 27, 2019, 3:38 p.m.
  • Length: 21:51
Show
View Real Time Build Order
Export as new Build Order

LaFantome Zerg - Winner!

Build Orders: Hatch First 

Get SALT Encoding   

  12  0:01  Drone  
  13  0:12  Overlord  
  13  0:17  Drone  
  14  0:31  Drone x2  
  16  0:35  Drone  
  17  0:52  Hatchery  
  17  0:54  Drone  
  17  0:57  Drone  
  18  1:08  Extractor  
  17  1:12  Spawning Pool  
  17  1:15  Drone  
  17  1:19  Drone  
  18  1:28  Drone  
  19  1:39  Drone  
  20  1:49  Overlord  
  20  2:00  Zergling x2  
  21  2:04  Queen x2, Zergling x2  
  26  2:09  Metabolic Boost  
  26  2:14  Drone  
  27  2:18  Drone  
  28  2:23  Drone  
  29  2:32  Drone  
  30  2:39  Hatchery  
  28  2:45  Drone, Overlord  
  28  2:50  Drone x2  
  31  2:59  Drone  
  31  3:00  Drone  
  31  3:04  Queen  
  35  3:05  Drone  
  35  3:09  Overlord  
  36  3:17  Drone  
  36  3:18  Drone x4  
  41  3:30  Drone x3  
  43  3:42  Zergling x4  
  43  3:48  Roach Warren  
  44  3:49  Extractor  
  44  3:51  Evolution Chamber  
  44  3:52  Zergling x4  
  44  3:53  Zergling x6  
  47  3:56  Queen x2  
  47  4:01  Queen  
  53  4:05  Drone x2  
  53  4:07  Drone  
  56  4:17  Drone  
  56  4:18  Drone  
  56  4:21  Spore Crawler  
  55  4:31  Drone  
  55  4:32  Drone  
  55  4:33  Overlord x3  
  57  4:40  Spore Crawler x2  
  57  4:42  Drone  
  57  4:43  Drone  
  57  4:59  Evolution Chamber  
  56  5:00  Roach  
  56  5:01  Roach x5  
  56  5:02  Drone x2  
  70  5:08  Lair  
  70  5:09  Extractor  
  70  5:11  Overlord  
  70  5:13  Overlord x2  
  69  5:30  Drone x8  
  69  5:31  Drone x2  
  78  5:45  Drone x5  
  82  5:54  Drone  
  82  5:55  Drone x9  
  92  5:58  Extractor  
  92  5:59  Extractor  
  90  6:08  Zerg Ground Armor Level 1, Zerg Melee Weapons Level 1  
  90  6:11  Hatchery  
  89  6:18  Drone  
  89  6:19  Drone x5  
  89  6:22  Extractor, Hydralisk Den  
  93  6:26  Baneling Nest  
  92  6:36  Drone x2  
  92  6:37  Drone  
  96  6:40  Drone x3  
  97  6:57  Drone x6  
  97  6:58  Drone x2  
  97  6:59  Grooved Spines  
  97  7:00  Overlord x2  
  105  7:07  Overlord x2  
  105  7:19  Baneling x8, Hydralisk  
  105  7:20  Hydralisk x7  
  121  7:32  Zergling x2  
  121  7:33  Zergling x10  
  127  7:48  Spine Crawler x2  
  127  7:51  Spine Crawler, Zergling x2  
  124  7:52  Zergling x22  
  124  7:56  Centrifical Hooks  
  136  7:58  Zergling x4  
  136  7:59  Zergling x2  
  139  8:11  Muscular Augments  
  139  8:12  Zergling x2  
  130  8:13  Zergling x24  
  130  8:15  Baneling x12  
  140  8:25  Overlord x4  
  140  8:27  Baneling x5  
  121  8:49  Zerg Melee Weapons Level 2, Zerg Ground Armor Level 2  
  121  8:51  Infestation Pit  
  115  9:09  Zergling x2  
  106  9:10  Zergling x44  
  106  9:11  Zergling x4  
  106  9:12  Overseer x2  
  130  9:29  Extractor  
  130  9:30  Extractor, Hydralisk x5, Hive  
  138  9:35  Baneling  
  138  9:36  Baneling x20  
  138  9:37  Zergling x6  
  141  9:41  Drone  
  141  9:44  Drone x3  
  145  10:01  Hydralisk  
  145  10:02  Hydralisk x4  
  145  10:05  Baneling  
  145  10:06  Baneling x12  
  139  10:46  Spore Crawler  
  133  10:51  Ultralisk Cavern  
  125  11:01  Adrenal Glands  
  124  11:06  Zergling x2  
  124  11:07  Zergling x40  
  145  11:19  Zergling x2  
  145  11:20  Zergling x4  
  146  11:38  Chitinous Plating  
  146  11:39  Ultralisk  
  158  11:40  Ultralisk  
  156  11:48  Baneling  
  156  11:49  Baneling x27  
  152  11:55  Ultralisk  
  156  12:08  Hatchery  
  156  12:10  Zerg Melee Weapons Level 3  
  94  12:39  Zergling x2  
  94  12:40  Zergling x16  
  87  12:56  Anabolic Synthesis  
  87  12:57  Ultralisk x3  
  98  13:07  Ultralisk x2  
  108  13:23  Zergling x4  
  110  13:35  Zergling x2  
  110  13:36  Zergling x6  
  110  13:40  Zerg Ground Armor Level 3  
  112  13:57  Hatchery  
  110  14:09  Drone  
  110  14:10  Drone x8  
  117  14:30  Drone  
  118  14:31  Extractor  
  118  14:33  Extractor  
  118  14:37  Hatchery  
  118  14:38  Drone x3  
  118  14:39  Drone x2  
  118  14:54  Hatchery  
  117  15:03  Hydralisk x4  
  117  15:04  Hydralisk x2  
  117  15:07  Baneling x2  
  129  15:23  Extractor  
  129  15:24  Zergling x10  
  129  15:25  Zergling x6  
  129  15:26  Extractor, Overlord x2  
  135  15:44  Queen x3  
  141  15:53  Zergling x2  
  141  15:54  Zergling x20  
  149  16:11  Drone x3  
  149  16:12  Drone x3  
  149  16:16  Overlord  
  149  16:17  Overlord  
  149  16:18  Overlord x4  
  155  16:23  Spire  
  154  16:30  Baneling x9  
  154  16:31  Baneling x5  
  154  16:44  Spore Crawler  
  152  16:55  Zergling x2  
  152  16:56  Zergling x28  
  164  17:24  Spore Crawler x2  
  164  17:25  Spore Crawler  
  164  17:27  Spine Crawler x2  
  164  17:28  Spine Crawler x2  
  157  17:33  Ultralisk x5  
  157  17:34  Ultralisk x2  
  199  17:38  Greater Spire  
  190  18:13  Corruptor x5  
  185  18:43  Spore Crawler  
  185  18:44  Spore Crawler  
  181  18:52  Brood Lord x3  
  181  18:53  Brood Lord x2  
  191  18:56  Drone  
  191  18:57  Drone x6  
  191  18:58  Drone x2  
  200  19:15  Spore Crawler  
  200  19:16  Spine Crawler x2  
  147  19:31  Corruptor  
  147  19:32  Corruptor x11  
  159  19:49  Corruptor x4  
  147  20:03  Extractor  
  147  20:05  Extractor, Hatchery  
  144  20:16  Brood Lord x5, Corruptor x2  
  144  20:17  Corruptor x3  
  152  20:54  Corruptor x2  
  152  20:55  Corruptor x7  
  152  21:25  Drone x4  
  152  21:28  Drone x6  
  152  21:31  Drone x4  
  152  21:43  Extractor, Hatchery  
  152  21:46  Extractor  
Show
View Real Time Build Order
Export as new Build Order

Marth Terran 

Build Orders: Reaper Expand, Hellion Banshee 

Get SALT Encoding   

  12  0:00  SCV  
  13  0:12  SCV  
  14  0:17  Supply Depot  
  14  0:25  SCV  
  15  0:38  SCV  
  15  0:40  Barracks  
  16  0:44  Refinery  
  16  0:50  SCV  
  17  1:03  SCV  
  18  1:15  SCV  
  19  1:27  Orbital Command  
  19  1:28  Reaper  
  20  1:44  Command Center  
  20  1:52  SCV  
  21  2:04  Factory, SCV  
  22  2:12  Refinery  
  22  2:16  SCV  
  22  2:19  Supply Depot  
  23  2:23  Barracks Reactor  
  23  2:40  SCV  
  24  2:52  SCV  
  24  2:55  Orbital Command  
  25  3:04  Hellion, SCV  
  28  3:06  Hellion  
  28  3:11  Starport  
  30  3:12  Barracks Tech Lab  
  30  3:16  SCV  
  31  3:25  Hellion  
  33  3:27  Hellion  
  33  3:29  SCV  
  35  3:44  SCV x2  
  35  3:46  Hellion  
  39  3:49  Supply Depot, Hellion  
  39  3:50  Command Center  
  41  3:56  SCV x2  
  43  4:05  Cloaking Field, Banshee  
  46  4:11  SCV x2  
  46  4:12  Supply Depot  
  46  4:32  Hellion x2, SCV  
  46  4:33  SCV  
  46  4:36  Barracks Reactor  
  52  4:41  Barracks  
  52  4:42  Barracks  
  52  4:43  Engineering Bay  
  52  4:45  SCV x2  
  54  4:46  Engineering Bay  
  54  4:52  Supply Depot  
  54  4:54  Refinery  
  54  4:55  Refinery  
  54  4:57  SCV x2  
  56  5:05  Factory Reactor, Orbital Command  
  56  5:09  SCV x2  
  58  5:17  Marine x2  
  60  5:21  SCV x2  
  62  5:31  SCV  
  62  5:33  SCV x2  
  65  5:38  Marine x2  
  67  5:46  Terran Infantry Weapons Level 1, Terran Infantry Armor Level 1, Stimpack  
  67  5:49  Marine  
  68  5:51  SCV x3  
  68  5:53  Factory Tech Lab  
  68  5:54  Supply Depot x2  
  68  5:55  Supply Depot  
  68  5:56  Medivac, Marine x2  
  72  6:02  Marine x2  
  74  6:07  Barracks, Orbital Command, SCV  
  74  6:08  SCV  
  74  6:09  Barracks  
  76  6:19  Supply Depot  
  76  6:20  Supply Depot, SCV x2  
  76  6:21  Marine x5  
  76  6:24  Siege Tank  
  76  6:25  Medivac  
  88  6:36  SCV x3  
  91  6:45  Supply Depot  
  91  6:46  Supply Depot  
  91  6:47  Supply Depot  
  91  6:48  Refinery, SCV x3  
  91  6:50  Refinery, Marine x4  
  91  6:51  Armory  
  91  6:52  Medivac  
  100  7:01  Barracks Tech Lab x2  
  100  7:02  Marauder  
  100  7:04  SCV x2  
  100  7:08  Marine x4  
  105  7:15  SCV  
  109  7:16  SCV x2  
  109  7:20  Supply Depot x2  
  109  7:22  Medivac x2  
  115  7:23  Marine  
  115  7:26  Marine x2  
  115  7:28  Siege Tank  
  115  7:29  Marine x4  
  125  7:34  Combat Shield  
  125  7:35  Concussive Shells  
  125  7:45  Terran Infantry Weapons Level 2  
  125  7:48  Marine x3, Command Center  
  125  7:49  Marine x4  
  132  7:55  Medivac  
  134  8:06  Marine  
  134  8:07  Liberator  
  121  8:18  Siege Tank  
  121  8:25  Marine x2  
  121  8:26  Marauder x3, Marine x2  
  134  8:31  Barracks  
  134  8:32  Barracks  
  96  8:42  Marine  
  96  8:43  Terran Infantry Armor Level 2, Marine  
  96  8:44  Marine x2, Terran Vehicle Weapons Level 1  
  96  8:47  Marine x3  
  103  8:50  Siege Tank  
  104  9:00  Marine  
  104  9:01  Marine x2  
  104  9:02  Marine  
  102  9:04  Marine  
  102  9:05  Marine  
  98  9:11  Marine  
  98  9:15  SCV x2  
  101  9:17  Planetary Fortress  
  101  9:18  Marine  
  101  9:19  Marine x3, Missile Turret  
  101  9:22  Marine x2  
  107  9:26  Supply Depot  
  107  9:27  Supply Depot  
  107  9:29  Marine  
  107  9:30  SCV  
  107  9:31  SCV x2  
  111  9:32  Command Center, Barracks Reactor  
  111  9:33  Barracks Reactor  
  111  9:35  Liberator  
  111  9:36  Liberator, Marine x2  
  113  9:39  Barracks  
  113  9:41  Barracks  
  113  9:43  Siege Tank  
  122  10:08  Factory  
  122  10:09  Terran Infantry Weapons Level 3, Factory  
  122  10:12  Refinery  
  122  10:13  Refinery  
  122  10:18  Liberator  
  122  10:26  Siege Tank  
  122  10:28  Marine x4  
  125  10:29  Marine x6  
  125  10:30  Marine x3  
  141  10:46  Marine x5  
  141  10:47  Marine x7  
  122  11:03  Medivac  
  124  11:07  Factory Tech Lab x2  
  124  11:08  Marauder, Marine  
  124  11:09  Marauder x2, Marine x6  
  137  11:18  Medivac  
  137  11:23  Siege Tank  
  139  11:37  Marine x3  
  139  11:38  Marine x6  
  139  11:39  Marine x4  
  152  11:42  Medivac  
  150  12:11  Marine  
  112  12:34  Marine x5  
  112  12:35  Marine x8  
  96  12:43  Medivac x2  
  94  12:52  Marine  
  94  12:53  Marine x3  
  94  12:54  Marine x6  
  88  13:17  Marine x3  
  90  13:32  Orbital Command  
  90  13:34  Marine x3  
  90  13:35  Marine x4  
  90  13:39  Orbital Command  
  83  14:03  Marine  
  83  14:04  Marine x11  
  68  14:25  Marine x2  
  68  14:26  Marauder x2, Marine, Orbital Command  
  71  14:33  Marine  
  71  14:37  Orbital Command  
  69  14:48  Marine  
  69  14:49  Marine  
  71  15:15  Liberator  
  71  15:29  SCV x3  
  71  15:34  Liberator  
  67  15:51  Marauder x2  
  67  15:53  Siege Tank  
  77  16:01  Liberator  
  70  16:05  Marine x5  
  72  16:17  Liberator  
  75  16:36  Siege Tank  
  75  16:37  Siege Tank x2  
  75  16:38  Marine x3  
  90  16:44  Liberator  
  89  16:55  Marine x4  
  89  16:56  Marauder x2, Marine x2  
  89  16:57  Marine  
  103  17:04  Liberator  
  101  17:18  SCV  
  101  17:19  SCV x2  
  107  17:22  Siege Tank  
  107  17:26  Siege Tank  
  107  17:27  Liberator  
  113  17:47  Liberator  
  105  18:03  Siege Tank  
  105  18:04  Siege Tank x2  
  105  18:05  Marine  
  118  18:06  Marauder x2  
  118  18:07  Marine  
  118  18:09  Liberator  
  123  18:20  Marauder  
  128  18:27  Marauder  
  128  18:30  Liberator  
  130  18:41  Command Center  
  133  18:49  Missile Turret  
  129  19:11  Marine  
  129  19:12  Marine x7  
  137  19:21  Orbital Command  
  94  19:44  Marine  
  94  19:45  Marine x3  
  98  19:46  Siege Tank x2  
  104  20:08  Siege Tank  
  104  20:09  Marine x3  
  104  20:10  Marine  
  111  20:18  Siege Tank  
Tags
 
Add a new tag
Caveats
  • Supply blocks, unpowered buildings, or Contaminate may cause inaccurate times.
  • Supply counts are checked every 10 seconds.